 Dungeon Crawl Stone Soup version 0.23.2-1-ga50397a (webtiles) character file.

Game seed: 6068426867666382645

371 harcile the Firebug (level 6, 0/46 HPs)
             Began as a Draconian Fire Elementalist on Apr 18, 2019.
             Slain by a worker ant (7 damage)
             ... in the Ecumenical Temple.
             The game lasted 00:13:06 (3688 turns).

harcile the Firebug (Draconian Fire Elementalist)   Turns: 3688, Time: 00:13:07

Health: 0/46       AC:  7    Str: 11    XL:     6   Next: 42%
Magic:  9/11       EV: 12    Int: 17    God:
Gold:   273        SH:  0    Dex: 11    Spells: 1/11 levels left

rFire    + . .     SeeInvis .   q - +0 long sword
rCold    . . .     Gourm    .   (no shield)
rNeg     . . .     Faith    .   (armour unavailable)
rPois    .         Spirit   .   (helmet restricted)
rElec    .         Reflect  .   (no cloak)
rCorr    .         Harm     .   c - +0 pair of gloves
MR       .....                  (no boots)
Stlth    ++........             (no amulet)
HPRegen  0.15/turn              f - ring of protection from fire
MPRegen  0.12/turn              (no ring)

@: no status effects
A: unfitting armour, cold-blooded, AC +6
a: no special abilities


You were in the Ecumenical Temple.
You were hungry.

You visited 2 branches of the dungeon, and saw 6 of its levels.

You collected 273 gold pieces.

Inventory:

Hand Weapons
 q - a +0 long sword (weapon)
Armour
 c - a +0 pair of gloves (worn)
 C - the +6 chain mail of a bazaar {MR++ SInv, unknown}
   (You found it on level 5 of the Dungeon)

   It affects your resistance to hostile enchantments.
   It lets you see invisible.
 E - the +1 leather armour "Ecwuq" {MP+9, unknown}
   (You found it on level 4 of the Dungeon)

   It affects your magic capacity (+9).
Jewellery
 f - a ring of protection from fire (left hand)
 p - an uncursed amulet of rage {unknown}
Wands
 m - a wand of enslavement (9)
Scrolls
 a - a scroll of blinking {unknown}
 g - 2 scrolls of amnesia {unknown}
 h - a scroll of fog {unknown}
 j - 3 scrolls of enchant armour {unknown}
 k - 3 scrolls of remove curse {unknown}
 l - 2 scrolls of teleportation {unknown}
 o - 5 scrolls of identify {unknown}
 s - a scroll of random uselessness {unknown}
 v - a scroll of immolation {unknown}
 w - a scroll of enchant weapon {unknown}
 x - 2 scrolls of fear {unknown}
 y - a scroll of noise {unknown}
Potions
 d - 5 potions of agility {unknown}
 e - a potion of berserk rage {unknown}
 i - 2 potions of brilliance {unknown}
 n - 3 potions of degeneration {unknown}
 r - 2 potions of lignification {unknown}
 t - a potion of ambrosia {unknown}
 u - a potion of flight {unknown}
 z - a potion of might {unknown}
 A - a potion of magic {unknown}
 B - a potion of mutation {unknown}
 D - 2 potions of heal wounds {unknown}
Comestibles
 b - 8 rations


   Skills:
 + Level 0.7 Fighting
 + Level 2.0 Long Blades
 + Level 2.3 Dodging
 + Level 2.0 Stealth
 + Level 3.4 Spellcasting
 + Level 2.6 Conjurations
 + Level 5.0 Fire Magic


You had one spell level left.
You knew the following spells:

 Your Spells              Type           Power        Failure   Level  Hunger
c - Conjure Flame         Conj/Fire      ###.....     11%         3    ###....
f - Flame Tongue          Conj/Fire      ###..        3%          1    None
s - Sticky Flame          Conj/Fire      ###.....     34%         4    ####...
z - Throw Flame           Conj/Fire      ###...       5%          2    ##.....

Your spell library contained the following spells:

 Spells                   Type           Power        Failure   Level  Hunger
 Inner Flame              Hex/Fire       ##......     19%         3    ###....
 Fireball                 Conj/Fire      ###.......   67%         5    ######.


Dungeon Overview and Level Annotations

Branches:
Dungeon (5/15)             Temple (1/1) D:5

Altars:

Annotations:
D:5 Menkaure


Innate Abilities, Weirdness & Mutations

Your plain brown scales are hard. (AC +6)
You cannot fit into any form of body armour.
You are cold-blooded and may be slowed by cold attacks.


Message History

The sentinel's mark upon you fades away.
Menkaure calls on the powers of darkness!
The worker ant convulses!
Your body is wracked with pain!
* * * LOW HITPOINT WARNING * * *
The adder convulses!
The worker ant bites you but does no damage.
The adder bites you but does no damage.
There is a staircase to the Ecumenical Temple here.
The worker ant completely misses you.
You riposte.
You hit the worker ant.
The worker ant is almost dead.
You climb downwards.
Welcome to the Ecumenical Temple!
There is a staircase back to the Dungeon here.
Casting: Flame Tongue (safe; 3% risk of failure)
Confirm with . or Enter, or press ? or * to list all spells.
Aiming: Throw Flame (safe; 5% risk of failure)
Press: ? - help, Shift-Dir - straight line, f - worker ant
Aim: a worker ant (almost dead)
The puff of flame misses the worker ant.
The worker ant bites you!
You die...

..# #..
.. ..
.. ..
.#. ...
##.##
##...##
#..@..#
##a..##
##.##
... .#.
.. ..
.. ..
..# #..


You could see a worker ant.

Vanquished Creatures
  A bullfrog (D:2)
  A hound (D:4)
  An orc wizard (D:3)
  A centaur skeleton (D:4)
  An iguana (D:4)
  3 worker ants (D:4)
  3 adders
  2 oozes (D:3)
  A worm (D:3)
  2 dart slugs
  7 leopard geckos
  8 orcs
  7 giant cockroaches
  6 hobgoblins
  7 kobolds
  A quokka (D:2)
  2 bats
  2 frilled lizards
  7 goblins
  7 rats
70 creatures vanquished.

Notes
Turn   | Place    | Note
-------+----------+-------------------------------------------
     0 | D:1      | harcile the Draconian Fire Elementalist began the quest for
                  | the Orb.
     0 | D:1      | Reached XP level 1. HP: 14/14 MP: 3/3
   462 | D:1      | Reached XP level 2. HP: 16/20 MP: 0/5
   965 | D:2      | Noticed a bullfrog
   979 | D:2      | Killed a bullfrog
   979 | D:2      | Reached skill level 4 in Fire Magic
   979 | D:2      | Reached XP level 3. HP: 11/26 MP: 0/6
   979 | D:2      | Reached XP level 4. HP: 14/33 MP: 0/7
  1560 | D:3      | Learned a level 2 spell: Throw Flame
  1564 | D:3      | Learned a level 3 spell: Conjure Flame
  2031 | D:3      | Reached XP level 5. HP: 17/39 MP: 0/9
  2580 | D:4      | Reached skill level 1 in Long Blades
  2719 | D:4      | Reached XP level 6. HP: 25/46 MP: 5/10
  3182 | D:4      | Learned a level 4 spell: Sticky Flame
  3337 | D:4      | Reached skill level 5 in Fire Magic
  3411 | D:4      | Got a translucent leather armour
  3616 | D:5      | Entered Level 5 of the Dungeon
  3646 | D:5      | Found a staircase to the Ecumenical Temple.
  3648 | D:5      | Got a pitted chain mail
  3676 | D:5      | Noticed Menkaure
  3687 | Temple   | Entered the Ecumenical Temple
  3688 | Temple   | Slain by a worker ant

Skill      XL: |  1  2  3  4  5  6 |
---------------+-------------------+-----
Dodging        | 2 |  2.3
Fire Magic     | 4 5 |  5.0
Stealth        | 2 |  2.0
Conjurations   | 2 |  2.6
Spellcasting   | 3 |  3.4
Long Blades    | 1 2 |  2.0
Fighting       | |  0.7

Action                   |  1- 3 |  4- 6 || total
-------------------------+-------+-------++-------
Melee: Unarmed           |    28 |       ||    28
       Tailslap          |     3 |     5 ||     8
       Long sword        |       |    46 ||    46
 Cast: Flame Tongue      |    30 |    78 ||   108
       Throw Flame       |       |    22 ||    22
  Eat: Chunk             |     1 |     9 ||    10
Armor: Skin              |    12 |    35 ||    47
Dodge: Dodged            |    21 |    50 ||    71
       Rpst.: Long sword |       |    23 ||    23
